 Dungeon Crawl Stone Soup version 0.30-a0-557-ge2afbf3030 (webtiles) character file.

Game seed: 8368496973972763402

6387 greasedhog the Nimble (level 11, -1/79 HPs)
             Began as a Djinni Fighter on Dec 27, 2022.
             Was a Believer of Makhleb.
             Slain by a hell rat (10 damage)
             ... on level 10 of the Dungeon.
             The game lasted 00:12:39 (7840 turns).

greasedhog the Nimble (Djinni Fighter)              Turns: 7840, Time: 00:12:40

Health: -1/79      AC: 17    Str: 21    XL:     11   Next: 17%
Gold:   418        EV: 14    Int: 12    God:    Makhleb [**....] SH:  9 Dex: 13

rFire   + + .      SeeInvis +    n - +10 whip of Mirien {venom, rC+ Str+4 SInv}
rCold   . . .      Faith    .    c - +0 buckler
rNeg    . . .      Spirit   .    L - +0 swamp dragon scales
rPois   ∞          Reflect  +    v - +2 helmet
rElec   .          Harm     .    y - +2 cloak
rCorr   +          Rampage  .    J - +2 pair of gloves
Will    +....                    (boots unavailable)
Stlth   +                        w - amulet of reflection
HPRegen 0.33/turn                s - ring of wizardry
MPRegen 0.00/turn                f - ring of resist corrosion

@: marked, flying, studying Dodging
A: sickness immunity, fire resistance 2, cold vulnerability 1, float, innate
caster, HP casting, extra vitality 1
a: Renounce Religion, Minor Destruction


You were on level 10 of the Dungeon.
You worshipped Makhleb.
Makhleb was pleased with you.
You visited 2 branches of the dungeon, and saw 11 of its levels.

You collected 418 gold pieces.

Inventory:

Hand Weapons
 n - the +10 whip of Mirien (weapon) {venom, rC+ Str+4 SInv}
   (You found it on level 2 of the Dungeon)

   It poisons the flesh of those it strikes.
   Str:       It affects your strength (+4).
   rC:        It protects you from cold.
   SInv:      It lets you see invisible.
 t - a +1 falchion of freezing
Missiles
 D - 2 throwing nets
Armour
 c - a +0 buckler (worn)
 v - a +2 helmet (worn)
 y - a +2 cloak (worn)
 J - a +2 pair of gloves (worn)
 L - +0 swamp dragon scales (worn)
Jewellery
 f - a ring of resist corrosion (right hand)
 s - a ring of wizardry (left hand)
 w - an amulet of reflection (around neck)
Wands
 g - a wand of roots (14)
 E - a wand of charming (13)
 G - a wand of polymorph (8)
Scrolls
 a - a scroll of teleportation {unknown}
 b - 4 scrolls of fog
 e - a scroll of butterflies
 h - 2 scrolls of immolation
 i - a scroll of blinking {unknown}
 j - a scroll of enchant weapon {unknown}
 p - 2 scrolls of amnesia {unknown}
 q - 2 scrolls of magic mapping {unknown}
 r - 3 scrolls of enchant armour {unknown}
 z - a scroll of poison
 A - a scroll of noise {unknown}
 B - a scroll of torment {unknown}
 C - a scroll of silence
Potions
 d - 3 potions of might
 k - 2 potions of flight {unknown}
 l - 11 potions of curing
 m - a potion of brilliance {unknown}
 o - 4 potions of attraction {unknown}
 u - a potion of heal wounds {unknown}
 x - a potion of lignification {unknown}
 F - a potion of invisibility {unknown}
 I - a potion of resistance {unknown}


   Skills:
 * Level 7.3 Fighting
 * Level 8.9 Long Blades
 - Level 3.0 Armour
 - Level 10.1 Dodging
 - Level 3.0 Shields
 * Level 7.1 Spellcasting


You had 10 spell levels left.
You knew the following spells:

 Your Spells              Type           Power      Damage    Failure   Level
a - Slow                  Hex            84%        N/A       1%          1
b - Searing Ray           Conj           42%        2d6       1%          2
c - Mephitic Cloud        Conj/Pois/Air  21%        N/A       2%          3
d - Fulminant Prism       Conj/Hex       10%        3d8       8%          4
e - Anguish               Hex/Necr       10%        N/A       8%          4
Your spell library was empty.

Dungeon Overview and Level Annotations

Branches:
Dungeon (10/15)            Temple (1/1) D:5             Orc (0/2) D:9
   Lair: D:8-11

Altars:
Ashenzari
Cheibriados
Dithmenos
Elyvilon
Fedhas
Gozag
Hepliaklqana
Makhleb
Nemelex Xobeh
Okawaru
Qazlal
Ru
Trog
Uskayaw
Wu Jian
Xom
Yredelemnul
Zin
The Shining One

Shops:
D:3 :   D:5 [   D:9 (


Innate Abilities, Weirdness & Mutations

You are immune to sickness and miasma.
You are immune to poison.
Your flesh is very heat resistant. (rF++)
You are vulnerable to cold. (rC-)
You float through the air rather than walking.
You learn spells naturally, not from books.
Your magical power is your life essence.
You have superior vitality. (+4 MHP)


Message History

The two-headed ogre attacks as you move away!
The two-headed ogre misses you. You block the two-headed ogre's attack.
The two-headed ogre is engulfed in noxious fumes.
The two-headed ogre appears confused.
Casting: Mephitic Cloud (mildly dangerous; 2% risk of failure)
Confirm with . or Enter, or press ? or * to list all spells.
Aiming: Mephitic Cloud (mildly dangerous; 2% risk of failure)
Press: ? - help, Shift-Dir - straight line, f/p - two-headed ogre
Aim: a two-headed ogre, wielding a +0 giant spiked club and a +0 giant club (heavily wounded, confused, extremely poisoned, chance to affect: 53%)
The ball explodes into a vile cloud!
The stinking cloud engulfs the two-headed ogre but does no damage.
The two-headed ogre is heavily wounded.
* * * LOW HITPOINT WARNING * * *
A hell rat comes into view.
The two-headed ogre is engulfed in noxious fumes.
The two-headed ogre appears confused.
You whack the quokka!
You kill the quokka!
Makhleb accepts your kill.
The two-headed ogre says, "Why is everything spinning?"
You whack the hell rat!
The hell rat is moderately wounded.
A centaur warrior comes into view.
You block the hell rat's attack.
The centaur warrior wields a +0 longbow.
The centaur warrior shoots an arrow.
The arrow hits you!
* * * LOW HITPOINT WARNING * * *
The two-headed ogre barely misses the hell rat.
The two-headed ogre hits the hell rat with a +0 giant club.
You barely miss the hell rat.
The hell rat is heavily wounded.
The hell rat barely misses you.
The centaur warrior shoots an arrow.
The arrow hits you but does no damage. You block the hell rat's attack.
A death yak comes into view.
The two-headed ogre closely misses you.
The two-headed ogre hits you but does no damage.
The centaur warrior shoots an arrow.
The arrow hits you.
* * * LOW HITPOINT WARNING * * *
You block the hell rat's attack. The hell rat bites you!
You die...

.#...
###..c..#
#.......#
+....#..#
#....#..#
#.......#
#.......#
#.......#
#.r@....#
#.rO<...#
#.......#
#.#.....#
#..[....#
#.......#
#Y......#
#.....#.#
......#.#


You could see a centaur warrior, a two-headed ogre (confused, very poisoned) and
2 hell rats.

Vanquished Creatures
  A two-headed ogre (D:8)
  Joseph (D:8)
  Maggie (D:8)
  3 kobold demonologists
  Psyche (D:8)
  Prince Ribbit (D:7)
  2 hornets
  A wyvern (D:9)
  Grum (D:8)
  Duvessa (D:6)
  2 orc warriors (D:9)
  An ice beast (D:6)
  3 sky beasts
  2 ogres
  4 wolves (D:8)
  2 phantoms (D:6)
  4 kobold brigands
  A necrophage (D:5)
  3 scorpions
  A bullfrog (D:8)
  A gnoll sergeant (D:9)
  4 wights (D:9)
  Dowan (D:6)
  An oklob sapling (D:5)
  6 hounds
  3 jellies
  7 orc priests
  Crazy Yiuf (D:6)
  4 iguanas
  6 orc wizards
  5 gnolls (D:9)
  8 adders
  A white imp (D:7)
  An ufetubus (D:6)
  5 worms
  4 dart slugs
  33 orcs
  4 ball pythons
  8 bats
  6 endoplasms
  3 giant cockroaches
  9 goblins
  6 hobgoblins
  6 jackals (D:2)
  4 quokkas
  5 frilled lizards
  20 kobolds
  5 rats
203 creatures vanquished.

Vanquished Creatures (others)
  2 orc wizards (D:9)
  A fulminant prism (D:9)
  3 plants (D:5)
6 creatures vanquished.

Grand Total: 209 creatures vanquished

Notes
Turn   | Place    | Note
-------+----------+-------------------------------------------
     0 | D:1      | greasedhog the Djinni Fighter began the quest for the Orb.
     0 | D:1      | Reached XP level 1. HP: 20/20 MP: 0/0
    77 | D:1      | Reached XP level 2. HP: 25/25 MP: 0/0
   248 | D:1      | Reached XP level 3. HP: 30/30 MP: 0/0
   248 | D:1      | Learned a level 1 spell: Slow
   398 | D:1      | Reached skill level 1 in Spellcasting
   833 | D:2      | Reached XP level 4. HP: 33/36 MP: 0/0
  1067 | D:2      | Identified the +10 whip of Mirien {venom, rC+ Str+4 SInv}
  1203 | D:2      | Reached XP level 5. HP: 41/41 MP: 0/0
  1203 | D:2      | Learned a level 2 spell: Searing Ray
  1237 | D:2      | Found a hazy altar of Hepliaklqana.
  1869 | D:3      | Found a bloodstained altar of Trog.
  2249 | D:3      | Found Heicuyx's Vocational Training.
  2470 | D:4      | You are sucked into a shaft and drop 2 floors!
  2489 | D:6      | Noticed a sky beast
  2498 | D:6      | Killed a sky beast
  2499 | D:6      | Reached XP level 6. HP: 43/48 MP: 0/0
  2599 | D:6      | Noticed Duvessa
  2599 | D:6      | Noticed Dowan
  2604 | D:6      | Killed Duvessa
  2605 | D:6      | Reached XP level 7. HP: 45/53 MP: 0/0
  2605 | D:6      | Learned a level 3 spell: Mephitic Cloud
  2605 | D:6      | Killed Dowan
  2622 | D:6      | Reached skill level 5 in Fighting
  2743 | D:6      | Identified the +3 ring mail of Posmem {rF++ Regen+ Str-4
                  | SInv}
  2751 | D:6      | Identified the +8 hammer of the Freezing Gods {protect, rF+
                  | rN+ Dex+5 SInv}
  2755 | D:6      | Found a runed translucent door.
  2756 | D:6      | Noticed Crazy Yiuf
  2763 | D:6      | Killed Crazy Yiuf
  2827 | D:6      | Reached skill level 1 in Dodging
  3076 | D:6      | Identified a scroll of acquirement
  3077 | D:6      | Acquired a manual of Dodging
  3092 | D:6      | Reached skill level 2 in Dodging
  3284 | D:6      | Reached skill level 3 in Dodging
  3284 | D:6      | Reached XP level 8. HP: 59/59 MP: 0/0
  3385 | D:6      | Reached skill level 5 in Long Blades
  3385 | D:6      | Reached skill level 4 in Dodging
  3516 | D:5      | Entered Level 5 of the Dungeon
  3598 | D:5      | Found a staircase to the Ecumenical Temple.
  3617 | D:5      | Reached skill level 5 in Dodging
  3619 | Temple   | Entered the Ecumenical Temple
  3679 | Temple   | Became a worshipper of Makhleb the Destroyer
  3944 | D:5      | Reached skill level 6 in Dodging
  3980 | D:5      | Found an ornate altar of the Wu Jian Council.
  4023 | D:5      | Reached XP level 9. HP: 65/65 MP: 0/0
  4023 | D:5      | Learned a level 4 spell: Fulminant Prism
  4125 | D:5      | Found a basalt altar of Yredelemnul.
  4136 | D:5      | Found Nubono's Armour Shoppe.
  4801 | D:7      | Noticed Prince Ribbit
  4813 | D:7      | Killed Prince Ribbit
  4814 | D:7      | Reached skill level 7 in Dodging
  5000 | D:7      | Found a sacrificial altar of Ru.
  5005 | D:7      | Reached skill level 5 in Spellcasting
  5129 | D:7      | Identified the +8 dagger of the Brewing Gods {flame, Will++
                  | Str+5 Dex-3}
  5194 | D:7      | Reached skill level 8 in Dodging
  5348 | D:7      | Found an iron altar of Okawaru.
  5626 | D:8      | Noticed Maggie
  5641 | D:8      | Killed Maggie
  5725 | D:8      | Reached skill level 9 in Dodging
  5726 | D:8      | Reached * piety under Makhleb
  5937 | D:8      | Noticed Joseph
  5947 | D:8      | Noticed Psyche
  5957 | D:8      | Killed Psyche
  5958 | D:8      | Reached XP level 10. HP: 53/70 MP: 0/0
  5965 | D:8      | Killed Joseph
  5966 | D:8      | Reached skill level 10 in Dodging
  6154 | D:8      | Found a shadowy altar of Dithmenos.
  6161 | D:8      | Noticed a two-headed ogre
  6173 | D:8      | Killed a two-headed ogre
  6269 | D:8      | Noticed Grum
  6280 | D:8      | Killed Grum
  6479 | D:8      | Found a snail-covered altar of Cheibriados.
  6482 | D:8      | Found a sparkling altar of Nemelex Xobeh.
  6485 | D:8      | Found a hazy altar of Hepliaklqana.
  6848 | D:9      | Found Avus's Antique Weapon Shop.
  6965 | D:9      | Found a staircase to the Orcish Mines.
  7151 | D:9      | Reached ** piety under Makhleb
  7407 | D:9      | Noticed a kobold demonologist
  7407 | D:9      | Noticed a kobold demonologist
  7411 | D:9      | Noticed a kobold demonologist
  7451 | D:9      | Killed a kobold demonologist
  7452 | D:9      | Reached XP level 11. HP: 77/78 MP: 0/0
  7452 | D:9      | Learned a level 4 spell: Anguish
  7826 | D:10     | Entered Level 10 of the Dungeon
  7826 | D:10     | Noticed a two-headed ogre
  7838 | D:10     | Noticed a centaur warrior
  7839 | D:10     | Noticed a death yak
  7840 | D:10     | Slain by a hell rat

Illustrated notes

Levels and vault maps discovered:
D:1:      nzn_arrival_water_spiral, layout_basic
D:2:      layout_loops_cross, basic_altar, minmay_hexomino_p4
D:3:      layout_loops_ring, mainiacjoe_overflow_boulevard,
          nicolae_shop_vocational
D:4:      layout_rooms, kennysheep_generic_room_16
D:5:      layout_basic, mainiacjoe_overflow_alcove_4, kennysheep_orc_sif_temple,
          mainiacjoe_overflow_alcove_2, minmay_temple_entry_oklob, serial_shops,
          kennysheep_little_box
D:6:      layout_loops_ring, uniq_crazy_yiuf_cottage, uniq_duvessa
D:7:      layout_basic, mainiacjoe_overflow_small_starburst, okawaru_gym_becter,
          uniq_prince_ribbit1
D:8:      layout_basic, nicolae_dithmenos_through_a_glass_darkly,
          grunt_temple_overflow_cloverleaf, kennysheep_generic_room_7,
          uniq_maggie, uniq_psyche, uniq_grum, uniq_joseph
D:9:      layout_loops_ring, david_orc_3, serial_shops, nicolae_shop_trees
D:10:     kb_forest_paths, layout_stronghold, dpeg_lair_monsters, worms_lemuel,
          uniq_snorg
Temple:   nicolae_temple_ecumenical_triangle

Skill      XL: |  1  2  3  4  5  6  7  8  9 10 11 |
---------------+----------------------------------+-----
Long Blades    | 2 3 4 5 7 8 |  8.9
Spellcasting   | 1 2 3 4 5 6 7 |  7.1
Fighting       | 4 5 6 7 |  7.3
Dodging        | 3 6 9 10 | 10.1
Armour         | |  3.0
Shields        | |  3.0

Action                   |  1- 3 |  4- 6 |  7- 9 | 10-12 || total
-------------------------+-------+-------+-------+-------++-------
Melee: Long sword        |    84 |    60 |       |       ||   144
       Whip              |       |    65 |   214 |   120 ||   399
 Cast: Slow              |       |     5 |       |       ||     5
       Searing Ray       |       |     1 |       |     4 ||     5
       Mephitic Cloud    |       |       |     4 |    15 ||    19
       Fulminant Prism   |       |       |       |     1 ||     1
       Anguish           |       |       |       |     4 ||     4
Evoke: Wand              |       |     1 |       |       ||     1
  Use: Scroll            |     1 |     1 |     6 |     2 ||    10
 Stab: Confused          |       |       |     1 |     6 ||     7
Armor: Scale mail        |    67 |    78 |       |       ||   145
       Leather armour    |       |     9 |    61 |       ||    70
       Swamp dragon scal |       |       |     3 |    48 ||    51
Dodge: Dodged            |    27 |    68 |   116 |    92 ||   303
Block: Buckler           |    19 |    36 |    44 |    82 ||   181
       Reflection        |       |       |       |     2 ||     2

Table legend: (Time is in decaauts)
 A = Elapsed time spent in this place.
 B = Non-inter-level travel time spent in this place.
 C = Inter-level travel time spent in this place.
 D = Time resting spent in this place.
 E = Time spent auto-exploring this place.
 F = Levels seen in this place.
 G = Mean time per level.
                   A        B        C        D        E       F      G
               +--------+--------+--------+--------+--------+-----+--------+
         Total |   7944 |   7499 |    445 |    209 |   5859 |  11 |  722.2 |
       Dungeon |   7873 |   7428 |    445 |    209 |   5811 |  10 |  787.3 |
        Temple |     71 |     71 |      0 |      0 |     48 |   1 |   71.0 |
               +--------+--------+--------+--------+--------+-----+--------+

Top non-repeatable levels by time:
     D:8: 1319 daAuts
     D:6: 1085 daAuts
     D:9: 921 daAuts
     D:5: 918 daAuts
     D:2: 912 daAuts
     D:7: 811 daAuts
     D:3: 801 daAuts
     D:1: 663 daAuts
     D:4: 424 daAuts
  Temple: 71 daAuts
    D:10: 14 daAuts
